 Dungeon Crawl Stone Soup version 0.21-a0-178-g0b87683 (webtiles) character file.

479 Blomdor the Cudgeler (level 7, -1/56 HPs)
             Began as a Human Wanderer on Aug 9, 2017.
             Killed by divine providence
             ... invoked by an orc priest
              (15 damage)
             ... on level 3 of the Dungeon.
             The game lasted 00:07:28 (3113 turns).

Blomdor the Cudgeler (Human Wanderer)               Turns: 3113, Time: 00:07:28

Health: -1/56      AC: 11    Str: 15    XL:     7   Next: 33%
Magic:  7/7        EV:  7    Int: 11    God:
Gold:   229        SH:  0    Dex: 13    Spells: 6/6 levels left

rFire    . . .     SeeInvis .   k - +0 mace
rCold    . . .     Gourm    .   (no shield)
rNeg     + . .     Faith    .   g - +0 chain mail
rPois    .         Spirit   .   (no helmet)
rElec    .         Reflect  .   (no cloak)
rCorr    .         Harm     .   c - +2 pair of gloves
MR       .....                  (no boots)
Stlth    ..........             (no amulet)
HPRegen  0.18/turn              r - ring of positive energy
MPRegen  0.10/turn              (no ring)

@: flying, slowed, very slow
A: no striking features
a: no special abilities


You were on level 3 of the Dungeon.
You were very hungry.

You visited 1 branch of the dungeon, and saw 4 of its levels.

You collected 229 gold pieces.


   Skills:
 - Level 5.2 Fighting
 * Level 5.9 Maces & Flails
 + Level 2.1 Armour
 + Level 2.6 Dodging
 - Level 4.0 Stealth


You had 6 spell levels left.
You didn't know any spells.

Inventory:

Hand Weapons
 k - a +0 mace (weapon)
Armour
 c - a +2 pair of gloves (worn)
 g - a +0 chain mail (worn)
Jewellery
 j - a +3 ring of intelligence
 r - a ring of positive energy (left hand)
Scrolls
 d - 3 scrolls of teleportation {@r4}
 e - a scroll of fog {unknown}
 h - a scroll of recharging
 l - a scroll of identify {@r1}
 m - 4 scrolls of amnesia
Potions
 a - a potion of flight
 o - a potion of resistance
Comestibles
 f - 5 bread rations
 i - a meat ration
 q - 3 fruits

Dungeon Overview and Level Annotations

Branches:
Dungeon (4/15)             Temple (0/1) D:4

Altars:
Cheibriados
Elyvilon
Fedhas
Gozag
Hepliaklqana
Ru

Annotations:
D:4 Dowan; Duvessa; Zubeida's ghost, amateur DrCj

... ######### ... #........
.... #........ ...## #.....(..
.. ... #........ #.##
#.##(....... .... #.o@o.......
#.#.......#.s##############
#.##.#.......#..#.........)..#
........._......#.##########.#
#.#.. .......#.o#.#.........<#
..... .......#......>......#)#
#... ..... #..#.#.######<#.#
#..o####.####..#.#.# #.#.#
#.w..)).......#.#.######.#.#


You could see an orc priest, 2 orcs and a giant cockroach.


Message History

You hit the worm.
The worm is heavily wounded.
The worm barely misses you.
You hit the worm.
The worm is severely wounded.
The worm barely misses you.
You sock the worm!
You kill the worm!
The orc throws a stone.
The stone hits you but does no damage. The orc hits you.
* * * LOW HITPOINT WARNING * * *
The orc hits you with a hand axe.
* * * LOW HITPOINT WARNING * * *
The giant cockroach closely misses you.
Things that are here:
31 gold pieces; the felid corpse of Natasha; an orc corpse You hit the giant cockroach but do no damage.
The orc hits you but does no damage. The orc hits you with a hand axe.
* * * LOW HITPOINT WARNING * * *
The giant cockroach barely misses you. The orc closely misses you.
The giant cockroach bites you but does no damage.
The orc hits you but does no damage.
You closely miss the orc.
The orc is moderately wounded.
The orc hits you.
* * * LOW HITPOINT WARNING * * *
The giant cockroach barely misses you. The orc hits you but does no damage.
The orc priest invokes the aid of Beogh against you.
Beogh smites you!
You die...

Action                   |  1- 3 |  4- 6 |  7- 9 || total
-------------------------+-------+-------+-------++-------
Melee: Dagger            |   102 |    61 |       ||   163
       Mace              |       |    44 |    96 ||   140
  Use: Potion            |       |     2 |     2 ||     4
       Scroll            |       |     4 |       ||     4
 Stab: Sleeping          |    10 |     1 |       ||    11
       Distracted        |       |     1 |       ||     1
  Eat: Chunk             |     1 |     5 |       ||     6
Armor: Robe              |    23 |     7 |       ||    30
       Chain mail        |       |    26 |    62 ||    88
Dodge: Dodged            |    51 |    51 |    43 ||   145

Vault maps used:
D:1:      dpeg_arrival_ratfight
D:2:      old_standard_altar, grunt_gozag_breadcrumbs,
          chequers_temple_overflow_statue_of_worship, minmay_misc_feat_rows,
          elyvilon_altar_4, uniq_sigmund
D:3:      cheibrodos_fertilizer, old_standard_altar, minmay_gold_behind_fungi,
          uniq_natasha
D:4:      nicolae_overflow_hidden_temple, minmay_temple_entry_purple_smoke,
          uniq_duvessa

Notes
Turn   | Place    | Note
-------+----------+-------------------------------------------
     0 | D:1      | Blomdor the Human Wanderer began the quest for the Orb.
     0 | D:1      | Blomdor set off with: a +2 dagger, a potion of heal wounds {@q2}, a +0 short sword, a scroll of teleportation {@r4}, a +0 robe, a bread ration
     0 | D:1      | Reached XP level 1. HP: 21/21 MP: 1/1
   120 | D:1      | Reached skill level 1 in Armour
   120 | D:1      | Reached XP level 2. HP: 26/27 MP: 2/2
   526 | D:1      | Reached skill level 1 in Maces & Flails
   645 | D:1      | Reached XP level 3. HP: 33/33 MP: 3/3
   729 | D:2      | Reached skill level 2 in Maces & Flails
  1077 | D:2      | Found a white marble altar of Elyvilon.
  1203 | D:2      | Found an opulent altar of Gozag.
  1226 | D:2      | Reached XP level 4. HP: 24/39 MP: 4/4
  1371 | D:2      | Found a hazy altar of Hepliaklqana.
  1372 | D:2      | Noticed Sigmund
  1379 | D:2      | Killed Sigmund
  1379 | D:2      | Reached skill level 5 in Maces & Flails
  1379 | D:2      | Reached XP level 5. HP: 39/44 MP: 5/5
  1379 | D:2      | Reached XP level 6. HP: 45/51 MP: 6/6
  1517 | D:2      | Found a blossoming altar of Fedhas.
  1548 | D:2      | Found a snail-covered altar of Cheibriados.
  1856 | D:2      | Identified a potion of resistance
  1906 | D:3      | Noticed Natasha
  1917 | D:3      | Killed Natasha
  1921 | D:3      | Found a sacrificial altar of Ru.
  2687 | D:4      | Reached skill level 2 in Armour
  2687 | D:4      | Reached XP level 7. HP: 40/56 MP: 7/7
  2692 | D:4      | Found a staircase to the Ecumenical Temple.
  2696 | D:4      | Noticed Dowan
  2699 | D:4      | Noticed Duvessa
  2715 | D:4      | Noticed Zubeida's ghost (amateur DrCj)
  2926 | D:3      | Reached skill level 2 in Dodging
  3086 | D:3      | Noticed Natasha
  3097 | D:3      | HP: 5/56 [Natasha (5)]
  3105 | D:3      | Killed Natasha
  3113 | D:3      | Killed from afar by an orc priest

Vanquished Creatures
  Sigmund (D:2)
  A scorpion (D:4)
  A hound (D:4)
  A jelly (D:3)
  An orc wizard (D:3)
  Natasha (twice) (D:3)
  A worker ant (D:4)
  3 adders (D:2)
  6 oozes (D:3)
  2 worms
  A dart slug (D:3)
  2 leopard geckos (D:2)
  3 orcs (D:3)
  6 bats
  3 giant cockroaches
  3 goblins
  3 hobgoblins (D:1)
  5 jackals (D:2)
  3 ball pythons (D:2)
  3 frilled lizards
  9 kobolds
  8 rats
68 creatures vanquished.

Vanquished Creatures (others)
  A quokka (D:2)
  4 fungi (D:3)
  9 toadstools (D:3)
14 creatures vanquished.

Grand Total: 82 creatures vanquished
